 Dungeon Crawl Stone Soup version 0.31-a0-876-gfe8ebadbca (webtiles) character file.

Game seed: 8100297802459225724

2 BinkBink the Slasher (level 1, 0/14 HPs)
             Began as a Tengu Monk on Oct 13, 2023.
             Slain by a kobold
             ... wielding a +1 short sword of venom
              (3 damage)
             ... on level 1 of the Dungeon.
             The game lasted 00:00:16 (114 turns).

BinkBink the Slasher (Tengu Monk)                    Turns: 114, Time: 00:00:16

Health: 0/14       AC:  2    Str: 11    XL:     1   Next: 40%
Magic:  2/2        EV: 13    Int: 10    God:
Gold:   10         SH:  0    Dex: 16    Spells: 0/0 levels left

rFire   . . .        a - +0 falchion
rCold   . . .        d - orb {light}
rNeg    . . .        b - +0 robe
rPois   .            (helmet restricted)
rElec   .            (no cloak)
rCorr   .            (no gloves)
SInv    .            (boots unavailable)
Will    .....        (no amulet)
Stlth   +            (no ring)
HPRegen 0.22/turn    (no ring)
MPRegen 0.08/turn

%: acrobat
@: lethally poisoned (0 -> -11), glowing
A: beak, talons 3, acrobatic
a: no special abilities


You were on level 1 of the Dungeon.
You visited 1 branch of the dungeon, and saw 1 of its levels.

You collected 10 gold pieces.

Inventory:

Hand Weapons
 a - a +0 falchion (weapon)
Armour
 b - a +0 robe (worn)
 d - an orb of light (worn)
Jewellery
 e - an amulet of regeneration
Scrolls
 f - a scroll of fog {unknown}
Potions
 c - a potion of ambrosia


   Skills:
 + Level 3.0 Fighting
 * Level 3.3 Long Blades
 + Level 3.3 Dodging


You couldn't memorise any spells.
You didn't know any spells.
Your spell library was empty.

Dungeon Overview and Level Annotations

Branches:
Dungeon (1/15)

Altars:


Innate Abilities, Weirdness & Mutations

You have a beak for a mouth.
You have claws for feet.
You can magically evade attacks while moving or waiting.


Message History

HP restored.
An endoplasm comes into view.
An endoplasm is nearby!
An endoplasm is nearby!
The endoplasm quivers.
You hit the endoplasm.
The endoplasm is severely wounded.
The endoplasm closely misses you.
You hit the endoplasm.
You kill the endoplasm!
No target in view!
No target in view!
f - a scroll labelled IFRUPPAXOT A kobold comes into view.
It is wielding a +1 short sword of venom.
The kobold shouts!
The kobold throws a stone.
The stone barely misses you.
A quokka comes into view.
The kobold throws a stone.
The stone completely misses you.
Found a stone staircase leading down.
The quokka closely misses you.
The kobold hits you with a +1 short sword of venom.
You are poisoned.
The quokka misses you.
You barely miss the quokka. Your kick misses the quokka.
You feel sick. The kobold barely misses you.
The quokka bites you but does no damage.
You hit the quokka.
The quokka is severely wounded.
You feel sick.
The kobold hits you with a +1 short sword of venom.
You are lethally poisoned!
The quokka bites you but does no damage.
You are too injured to fight recklessly!
You are too injured to fight recklessly!
You are too injured to fight recklessly!
You slash the quokka!
You kill the quokka!
* * * LOW HITPOINT WARNING * * *
You feel very sick.
The kobold hits you with a +1 short sword of venom.
You die...

#.............#....
......#.......#.......
........#......<#.......
..##....###...###.......
.....#.............#....
.....#.............#....
>....###...###...###....
.........#.###..## #.###
.......@.......## #.#
......K.######## #.#
......... #.# .......###
####.### .......
#....... .......
#....... ..#....
#....... ..#.###
#....... #.......


You could see a kobold.

Vanquished Creatures
  An endoplasm (D:1)
  A goblin (D:1)
  A quokka (D:1)
3 creatures vanquished.

Notes
Turn   | Place    | Note
-------+----------+-------------------------------------------
     0 | D:1      | BinkBink the Tengu Monk began the quest for the Orb.
     0 | D:1      | Reached XP level 1. HP: 14/14 MP: 2/2
   114 | D:1      | Slain by a kobold

Illustrated notes

Levels and vault maps discovered:
D:1:      minmay_arrival_open_corners, layout_rooms,
          shapermc_ecumenical_altar_petra, roderic_serpentine_path

Action                     || total
---------------------------++-------
  Melee: Falchion          ||     9
         Peck              ||     2
         Kick              ||     1
 Armour: Robe              ||     8
  Dodge: Dodged            ||     7

Table legend: (Time is in decaauts)
 A = Elapsed time spent in this place.
 B = Non-inter-level travel time spent in this place.
 C = Inter-level travel time spent in this place.
 D = Time resting spent in this place.
 E = Time spent auto-exploring this place.
 F = Levels seen in this place.
 G = Mean time per level.
                   A        B        C        D        E       F      G
               +--------+--------+--------+--------+--------+-----+--------+
         Total |    114 |    114 |      0 |      0 |     90 |   1 |  114.0 |
       Dungeon |    114 |    114 |      0 |      0 |     90 |   1 |  114.0 |
               +--------+--------+--------+--------+--------+-----+--------+

Top non-repeatable levels by time:
     D:1: 114 daAuts
